 Dungeon Crawl Stone Soup version 0.32-a0-422-g28b100f618 (webtiles) character file.

Game seed: 1029758182833636297

1236 Alarak the Chiller (level 8, 0/58 HPs)
             Began as a Gnoll Ice Elementalist on Feb 21, 2024.
             Was an Initiate of Qazlal.
             Slain by a steam dragon (7 damage)
             ... on level 5 of the Dungeon.
             The game lasted 00:20:44 (5510 turns).

Alarak the Chiller (Gnoll Ice Elementalist)         Turns: 5510, Time: 00:20:45

Health: 0/58       AC:  4    Str:  7    XL:     8   Next: 49%
Magic:  8/17       EV: 14    Int: 18    God:    Qazlal [......]
Gold:   360        SH:  0    Dex: 18    Spells: 12/19 levels left

rFire   . . .        d - +4 quarterstaff (chaos)
rCold   . . .        (shield currently unavailable)
rNeg    . . .        g - +0 leather armour
rPois   .            (no helmet)
rElec   .            l - +0 cloak
rCorr   .            (no gloves)
SInv    .            (no boots)
Will    .....        (no amulet)
Stlth   +++          h - +6 ring of dexterity
HPRegen 0.29/turn    (no ring)
MPRegen 0.15/turn

%: no passive effects
@: no status effects
A: fangs 1, strong nose, distributed training
a: Renounce Religion


You were on level 5 of the Dungeon.
You worshipped Qazlal.
Qazlal was noncommittal.
You visited 2 branches of the dungeon, and saw 6 of its levels.

You collected 360 gold pieces.

Inventory:

Hand Weapons
 c - a +1 whip
 d - a +4 quarterstaff of chaos (weapon)
 n - a +0 spear of pain
Armour
 g - a +0 leather armour (worn)
 l - a +0 cloak (worn)
Jewellery
 h - a +6 ring of dexterity (left hand)
 k - a ring of poison resistance
Scrolls
 a - 3 scrolls of identify
 f - a scroll of poison
Potions
 b - a potion of magic
 e - a potion of enlightenment
 i - a potion of brilliance
 j - a potion of haste
 p - 2 potions of heal wounds {unknown}


   Skills:
 + Level 3.4 Fighting
 + Level 3.4 Short Blades
 + Level 3.4 Long Blades
 + Level 3.4 Axes
 + Level 3.4 Maces & Flails
 + Level 3.4 Polearms
 + Level 3.4 Staves
 + Level 3.4 Ranged Weapons
 + Level 3.4 Throwing
 + Level 3.4 Armour
 + Level 5.8 Dodging
 + Level 5.5 Stealth
 + Level 3.4 Shields
 + Level 3.4 Unarmed Combat
 + Level 6.1 Spellcasting
 + Level 2.8 Conjurations
 + Level 2.8 Hexes
 + Level 2.8 Summonings
 + Level 2.8 Necromancy
 + Level 2.8 Translocations
 + Level 2.8 Fire Magic
 + Level 7.7 Ice Magic
 + Level 2.8 Air Magic
 + Level 2.8 Earth Magic
 + Level 2.8 Alchemy
 + Level 3.8 Invocations
 + Level 3.4 Evocations
 + Level 3.1 Shapeshifting


You had 12 spell levels left.
You knew the following spells:

 Your Spells              Type           Power      Damage    Failure   Level
a - Freeze                Ice            100%       1d10      1%          1
b - Frozen Ramparts       Ice            66%        1d10      2%          3
c - Ozocubu's Armour      Ice            33%        N/A       2%          3

Your spell library contained the following spells:

 Spells                   Type           Power      Damage    Failure   Level
 Ensorcelled Hibernation  Hex/Ice        48%        N/A       3%          2
 Summon Ice Beast         Ice/Summ       24%        N/A       6%          3
 Passwall                 Erth           15%        N/A       16%         3
 Swiftness                Air            15%        N/A       16%         3


Dungeon Overview and Level Annotations

Branches:
Dungeon (5/15)             Temple (1/1) D:4

Altars:
Ashenzari
Dithmenos
Elyvilon
Hepliaklqana
Kikubaaqudgha
Makhleb
Nemelex Xobeh
Okawaru
Qazlal
Sif Muna
Trog
Uskayaw
Vehumet
Wu Jian
Xom
Yredelemnul
Zin
The Shining One

Shops:
D:2 (   D:4 *


Innate Abilities, Weirdness & Mutations

You have very sharp teeth.
Your uncanny sense of smell can sniff out nearby items.
Your experience applies equally to all skills.


Message History

A steam dragon is nearby!
A steam dragon is nearby!
What are your orders? t - Bark!
Orders for allies: a - Attack new target. r - Retreat! s - Stop attacking. g - Guard the area. f - Follow me.
Anything else - Cancel.
You bark for attention!
The steam dragon hisses angrily.
You hear a bark!
You hear a shout!
Casting: Ozocubu's Armour (dangerous; 2% risk of failure)
Confirm with . or Enter, or press ? or * to list all spells.
A film of ice covers your body! The steam dragon breathes steam at you.
The ball of steam hits you! The heat melts your icy armour.
Casting: Ozocubu's Armour (dangerous; 2% risk of failure)
Confirm with . or Enter, or press ? or * to list all spells.
Casting: Frozen Ramparts (dangerous; 2% risk of failure)
Press: ? - help, Dir - look around, f - activate
There is a cloud of steam here.
The walls around you are covered in ice.
The hound is engulfed in a cloud of scalding steam. x2
The wall freezes the hound.
The hound completely misses you.
The hound is engulfed in a cloud of scalding steam.
The wall freezes the hound.
The hound closely misses you.
The hound is engulfed in a cloud of scalding steam.
The hound dies!
The wall freezes the steam dragon but does no damage.
The steam dragon breathes steam at you. The ball of steam hits you!
* * * LOW HITPOINT WARNING * * *
You hear an angry hiss.
The heat melts your icy armour.
Your icy armour cracks and falls away as you move.
The frozen ramparts melt away as you move.
The steam dragon barely misses you. The steam dragon closely misses you.
You see here an adder corpse.
The steam dragon bites you!
You die...

#....>..PPß#.#.##..#<....
#...#......##...##)#.....
#........#.......<÷g.g...
#.......#......$###.....
##.............>.........
..#..###...#.........##l...
...................... ....
..................... ....
.........@..........# ....
.#...##§D........... ..#
##...§§##...........
#.§§§#..............
#......?§§.........#
##...##o§.........## #.....
##.g.........
...P......#......##.
..........#.........


You could see a steam dragon (catching breath) and a gnoll sergeant.

Vanquished Creatures
  Pikel (D:5)
  A lemure (D:5)
  A phantom (D:4)
  A scorpion (D:4)
  2 centaur zombies (D:5)
  2 jellies
  A hound (D:5)
  2 orc priests (D:3)
  Crazy Yiuf (D:4)
  A sleepcap (D:5)
  An iguana (D:5)
  14 gnolls
  3 adders
  A howler monkey skeleton (D:5)
  2 dart slugs
  3 ribbon worms
  7 orcs
  5 bats
  4 endoplasms
  2 giant cockroaches
  3 goblins
  13 hobgoblins
  36 kobolds
  A quokka (D:2)
  2 ball pythons (D:1)
  3 frilled lizards (D:3)
  3 rats (D:3)
116 creatures vanquished.

Vanquished Creatures (others)
  A hound (D:5)
1 creature vanquished.

Grand Total: 117 creatures vanquished

Notes
Turn   | Place    | Note
-------+----------+-------------------------------------------
     0 | D:1      | Alarak the Gnoll Ice Elementalist began the quest for the
                  | Orb.
     0 | D:1      | Reached XP level 1. HP: 13/13 MP: 6/6
   101 | D:1      | Reached XP level 2. HP: 18/20 MP: 7/7
   652 | D:1      | Reached skill level 5 in Spellcasting
   652 | D:1      | Reached XP level 3. HP: 25/25 MP: 6/9
   843 | D:1      | Learned a level 3 spell: Frozen Ramparts
   847 | D:1      | Learned a level 3 spell: Ozocubu's Armour
  1036 | D:2      | Reached skill level 1 in Invocations
  1079 | D:2      | Found Fitesani's Antique Weapon Shop.
  1498 | D:3      | Found a burning altar of Makhleb.
  1768 | D:3      | Reached skill level 1 in Fighting
  1768 | D:3      | Reached skill level 1 in Short Blades
  1768 | D:3      | Reached skill level 1 in Long Blades
  1768 | D:3      | Reached skill level 1 in Axes
  1768 | D:3      | Reached skill level 1 in Maces & Flails
  1768 | D:3      | Reached skill level 1 in Polearms
  1768 | D:3      | Reached skill level 1 in Staves
  1768 | D:3      | Reached skill level 1 in Ranged Weapons
  1768 | D:3      | Reached skill level 1 in Throwing
  1768 | D:3      | Reached skill level 1 in Armour
  1768 | D:3      | Reached skill level 1 in Shields
  1768 | D:3      | Reached skill level 1 in Unarmed Combat
  1768 | D:3      | Reached skill level 1 in Evocations
  1884 | D:3      | Found a bloodstained altar of Trog.
  1916 | D:3      | Reached skill level 1 in Shapeshifting
  1916 | D:3      | Reached XP level 4. HP: 31/32 MP: 2/11
  2253 | D:3      | Reached skill level 1 in Conjurations
  2253 | D:3      | Reached skill level 1 in Hexes
  2253 | D:3      | Reached skill level 1 in Summonings
  2253 | D:3      | Reached skill level 1 in Necromancy
  2253 | D:3      | Reached skill level 1 in Translocations
  2253 | D:3      | Reached skill level 1 in Fire Magic
  2253 | D:3      | Reached skill level 1 in Air Magic
  2253 | D:3      | Reached skill level 1 in Earth Magic
  2253 | D:3      | Reached skill level 1 in Alchemy
  2254 | D:3      | Reached XP level 5. HP: 37/37 MP: 5/12
  2938 | D:3      | Reached XP level 6. HP: 38/44 MP: 6/13
  2962 | D:3      | Reached skill level 5 in Dodging
  3904 | D:4      | Found Ytogycoo's Assorted Antiques.
  3939 | D:4      | Reached XP level 7. HP: 45/50 MP: 8/15
  4508 | D:4      | Found a staircase to the Ecumenical Temple.
  4911 | D:4      | Found a runed translucent door.
  4912 | D:4      | Noticed Crazy Yiuf
  4919 | D:4      | Killed Crazy Yiuf
  5025 | Temple   | Entered the Ecumenical Temple
  5038 | Temple   | Became a worshipper of Qazlal Stormbringer
  5101 | D:5      | Entered Level 5 of the Dungeon
  5114 | D:5      | Reached skill level 5 in Stealth
  5464 | D:5      | Noticed Pikel
  5482 | D:5      | Killed Pikel
  5483 | D:5      | Reached XP level 8. HP: 25/58 MP: 10/17
  5510 | D:5      | Slain by a steam dragon

Illustrated notes

Levels and vault maps discovered:
D:1:      matt_arrival_grand_opening, layout_loops_ring, minmay_pentomino_r2
D:2:      layout_basic, serial_shops, nicolae_shop_tiny_real_fake_doors
D:3:      minmay_goblin_kobold_castle, layout_basic, bloody_makhleb,
          mainiacjoe_overflow_paths
D:4:      layout_basic, lemuel_temple_firewalk_b, serial_shops, shop,
          uniq_crazy_yiuf_cottage
D:5:      cheibrodos_fzero, layout_cave_pools, serial_undead, serial_undead_e,
          serial_undead_c, serial_undead_d, serial_undead_e, uniq_pikel
Temple:   eino_temple_scatter_basement

Skill      XL: |  1  2  3  4  5  6  7 |
---------------+----------------------+-----
Spellcasting   | 5 6 |  6.1
Invocations    | 1 2 3 |  3.8
Fighting       | 1 2 3 |  3.4
Short Blades   | 1 2 3 |  3.4
Long Blades    | 1 2 3 |  3.4
Axes           | 1 2 3 |  3.4
Maces & Flails | 1 2 3 |  3.4
Polearms       | 1 2 3 |  3.4
Staves         | 1 2 3 |  3.4
Ranged Weapons | 1 2 3 |  3.4
Throwing       | 1 2 3 |  3.4
Armour         | 1 2 3 |  3.4
Shields        | 1 2 3 |  3.4
Unarmed Combat | 1 2 3 |  3.4
Evocations     | 1 2 3 |  3.4
Shapeshifting  | 1 2 3 |  3.1
Conjurations   | 1 2 |  2.8
Hexes          | 1 2 |  2.8
Summonings     | 1 2 |  2.8
Necromancy     | 1 2 |  2.8
Translocations | 1 2 |  2.8
Fire Magic     | 1 2 |  2.8
Air Magic      | 1 2 |  2.8
Earth Magic    | 1 2 |  2.8
Alchemy        | 1 2 |  2.8
Dodging        | 5 |  5.8
Stealth        | 5 |  5.5
Ice Magic      | |  7.7

Action                     |  1- 3 |  4- 6 |  7- 9 || total
---------------------------+-------+-------+-------++-------
  Melee: Whip              |    10 |    38 |       ||    48
         Bite              |     1 |     5 |    39 ||    45
         Spear             |       |    38 |   145 ||   183
         Quarterstaff      |       |       |    39 ||    39
   Cast: Freeze            |    40 |    14 |     2 ||    56
         Frozen Ramparts   |     1 |    14 |     9 ||    24
         Ozocubu's Armour  |     1 |    10 |     8 ||    19
    Use: Scroll            |     6 |     3 |       ||     9
         Potion            |       |     2 |       ||     2
   Stab: Sleeping          |     1 |     1 |     1 ||     3
 Armour: Robe              |     7 |       |       ||     7
         Leather armour    |    12 |    64 |    69 ||   145
  Dodge: Dodged            |    29 |    57 |    72 ||   158

Table legend: (Time is in decaauts)
 A = Elapsed time spent in this place.
 B = Non-inter-level travel time spent in this place.
 C = Inter-level travel time spent in this place.
 D = Time resting spent in this place.
 E = Time spent auto-exploring this place.
 F = Levels seen in this place.
 G = Mean time per level.
                   A        B        C        D        E       F      G
               +--------+--------+--------+--------+--------+-----+--------+
         Total |   5520 |   5098 |    422 |    998 |   3119 |   6 |  920.0 |
       Dungeon |   5494 |   5097 |    397 |    998 |   3119 |   5 | 1098.8 |
        Temple |     26 |      1 |     25 |      0 |      0 |   1 |   26.0 |
               +--------+--------+--------+--------+--------+-----+--------+

Top non-repeatable levels by time:
     D:3: 1937 daAuts
     D:4: 1775 daAuts
     D:1: 877 daAuts
     D:2: 678 daAuts
     D:5: 225 daAuts
  Temple: 26 daAuts
